 Dungeon Crawl Stone Soup version 0.20.1-1-g8b1a95d (webtiles) character file.

56 ANON1729 the Firebug (level 3, 0/19 HPs)
             Began as a Tengu Fire Elementalist on July 29, 2017.
             Succumbed to an adder's poison
             ... on level 2 of the Dungeon.
             The game lasted 00:06:52 (1663 turns).

ANON1729 the Firebug (Tengu Fire Elementalist)      Turns: 1663, Time: 00:06:53

Health: 0/19       AC:  2    Str:  8    XL:     3   Next: 97%
Magic:  8/8        EV: 12    Int: 19    God:
Gold:   81         SH:  0    Dex: 14    Spells: 3/7 levels left

rFire    . . .     SeeInvis .   e - -1 mace (curse)
rCold    . . .     Gourm    .   (no shield)
rNeg     . . .     Faith    .   a - +0 robe
rPois    .         Spirit   .   (helmet restricted)
rElec    .         Reflect  .   (no cloak)
rCorr    .         Harm     .   (no gloves)
MR       .....                  (boots unavailable)
Stlth    ++........             (no amulet)
Regen    0.1/turn               o - +3 ring of intelligence
MPRegen  0.2/turn               (no ring)

@: lethally poisoned (0 -> -12), very slightly contaminated
A: beak, talons 3
a: no special abilities


You were on level 2 of the Dungeon.
You were not hungry.

You visited 1 branch of the dungeon, and saw 2 of its levels.

You collected 81 gold pieces.

Inventory:

Hand Weapons
 e - a cursed -1 mace (weapon)
Armour
 a - a +0 robe (worn)
Jewellery
 o - a +3 ring of intelligence (left hand)
Scrolls
 h - 3 scrolls of remove curse {unknown}
 j - 2 scrolls of identify {unknown}
 k - a scroll of blinking {unknown}
 m - a scroll of enchant armour {unknown}
 n - a scroll of immolation {unknown}
Potions
 g - a potion of flight {unknown}
 i - a potion of mutation {unknown}
 p - a potion of curing {unknown}
 q - a potion of ambrosia {unknown}
Books
 b - a book of Flames

   Spells                             Type                      Level
   a - Flame Tongue                   Conjuration/Fire             1
   b - Throw Flame                    Conjuration/Fire             2
   c - Conjure Flame                  Conjuration/Fire             3
   d - Inner Flame                    Hexes/Fire                   3
   e - Sticky Flame                   Conjuration/Fire             4
   f - Fireball                       Conjuration/Fire             5
Comestibles
 c - 2 bread rations
 f - 4 chunks of flesh
 l - 2 meat rations


   Skills:
 - Level 2.1 Dodging
 - Level 2.0 Stealth
 * Level 2.8 Spellcasting
 + Level 2.5 Conjurations
 * Level 4.1 Fire Magic


You had 3 spell levels left.
You knew the following spells:

 Your Spells              Type           Power        Failure   Level  Hunger
a - Flame Tongue          Conj/Fire      ###..        4%          1    None
b - Conjure Flame         Conj/Fire      ###.....     12%         3    ###....


Dungeon Overview and Level Annotations

Branches:
Dungeon (2/15)

Altars:


Innate Abilities, Weirdness & Mutations

You have a beak for a mouth.
You have claws for feet.


Message History

The adder closely misses you.
You barely miss the adder. The adder barely misses you. The adder bites you.
You barely miss the adder. You claw the adder.
The adder is moderately wounded.
The adder misses you. The adder bites you.
You are poisoned.
The adder poisons you!
Casting: Flame Tongue
Confirm with . or Enter, or press ? or * to list all spells.
Aiming: Flame Tongue
Press: ? - help, Shift-Dir - straight line, f/p - adder
Aim: an adder (moderately wounded)
The flame tongue misses the adder.
The flame tongue hits the bat.
You kill the bat!
You feel sick. The adder bites you.
* * * LOW HITPOINT WARNING * * *
You are more poisoned.
The adder poisons you!
It was a potion of magic.
Magic courses through your body.
You die...

^#..###.........##.#
.#..............##.#
#...#.........####.#
#...#..........# #.#
#.#.#..<.......###.#
..................>#
....#.........####.#
..##############...#
..# #@### ..# #S#
..# #######†# ..#
....w..†# ..#
...b.#..# +## ...S
#..# ... #..# ..
...# # ###.#


You could see an adder.

Vanquished Creatures
  2 gnolls
  2 dart slugs
  3 ball pythons (D:1)
  3 bats
  A giant cockroach (D:1)
  4 goblins (D:1)
  3 hobgoblins (D:1)
  5 frilled lizards (D:1)
  6 kobolds
  4 rats (D:1)
33 creatures vanquished.

Notes
Turn   | Place    | Note
-------+----------+-------------------------------------------
     0 | D:1      | ANON1729 the Tengu Fire Elementalist began the quest for the Orb.
     0 | D:1      | Reached XP level 1. HP: 10/10 MP: 4/4
   248 | D:1      | Reached XP level 2. HP: 14/15 MP: 0/6
   808 | D:1      | Reached XP level 3. HP: 17/19 MP: 0/7
   882 | D:1      | Learned a level 3 spell: Conjure Flame
  1455 | D:2      | Reached skill level 4 in Fire Magic
  1663 | D:2      | Succumbed to an adder's poison

Skill      XL: |  1  2  3 |
---------------+----------+-----
Conjurations   | 2 |  2.5
Fire Magic     | 4 |  4.1
Dodging        | |  2.1
Stealth        | |  2.0
Spellcasting   | |  2.8

Action                   || total
-------------------------++-------
Melee: Unarmed           ||     2
       Kick              ||     2
       Mace              ||     2
 Cast: Flame Tongue      ||    66
       Conjure Flame     ||     2
  Use: Potion            ||     1
  Eat: Chunk             ||     3
Armor: Robe              ||     4
Dodge: Dodged            ||    16
